[Event "Titled Tuesday Blitz August 24 2021"]
[White "Ibarra Jerez, Jose Carlos"]
[Black "Jumanov, Elbek"]
[WhiteFideId "2226332"]
[BlackFideId "14202905"]
[WhiteElo "2602"]
[BlackElo "2067"]
[Result "1-0"]
[Round "09"]
[TimeControl "180+1"]
[Date "2021.08.24"]
[WhiteClock "0:00:10"]
[BlackClock "0:00:03"]

1. b4 e5 2. Bb2 d6 3. e3 Nf6 4. c4 Be7 5. Nf3 O-O 6. Be2 c6 7. O-O Be6 8. d3 Nbd7 9. Nbd2 Re8 10. a4 d5 11. b5 Bd6 12. bxc6 bxc6 13. Ng5 Bf5 14. cxd5 cxd5 15. e4 Bg6 16. exd5 Nxd5 17. Bf3 Qxg5 18. Bxd5 Rab8 19. Nc4 Bf8 20. Bc6 Red8 21. Re1 f6 22. Qf3 Nc5 23. Bd5+ Kh8 24. Bc1 Qf5 25. Be3 Qxf3 26. Bxf3 Nxd3 27. Red1 a6 28. a5 Nb4 29. Bb6 Rxd1+ 30. Rxd1 Bd3 31. Ne3 f5 32. g3 e4 33. Bg2 g6 34. Rc1 Bb5 35. Rc7 Bg7 36. h4 Nd3 37. Bf1 Ne5 38. Bxb5 axb5 39. Nd5 Nf3+ 40. Kg2 Rd8 41. a6 Bd4 42. a7 b4 43. Bxd4+ Nxd4 44. Nb6 b3 45. a8=Q Rxa8 46. Nxa8 1-0


[Site "https://www.chess.com"]

[Event "Titled Tuesday Blitz August 24 2021"]
[White "Ibrahimli, Murad"]
[Black "Kuzubov, Yuriy"]
[WhiteFideId "13410229"]
[BlackFideId "14112906"]
[WhiteElo "2109"]
[BlackElo "2564"]
[Result "0-1"]
[Round "09"]
[TimeControl "180+1"]
[Date "2021.08.24"]
[WhiteClock "0:00:12"]
[BlackClock "0:00:14"]

1. d4 Nf6 2. c4 e6 3. Nf3 d5 4. Nc3 Nbd7 5. cxd5 exd5 6. Bf4 c6 7. h3 Nb6 8. e3 Bf5 9. Qb3 a5 10. a4 Bb4 11. Be2 h6 12. O-O O-O 13. Na2 Be7 14. Ne5 Ne4 15. Rfd1 Bg5 16. Bh2 Re8 17. Nc3 Nd6 18. Nf3 Be7 19. Bxd6 Bxd6 20. Bd3 Be6 21. Qc2 Nd7 22. Bf5 Nf6 23. Bxe6 Rxe6 24. Nd2 Qe7 25. Qd3 g6 26. Re1 Re8 27. Re2 Kg7 28. Rae1 Bb4 29. g3 h5 30. Kg2 Qd7 31. e4 dxe4 32. Ndxe4 Nxe4 33. Rxe4 Bxc3 34. bxc3 Qd5 35. f3 Rxe4 36. fxe4 Qa2+ 37. Re2 Qxa4 38. Qf3 Qb3 39. Rf2 Qe6 40. e5 a4 41. Kh2 a3 42. Qe2 b5 43. Qd2 Qd5 44. Qf4 Ra8 45. Qf6+ Kg8 46. Rf1 a2 47. Ra1 Qb3 48. Qf2 Qxc3 49. Rxa2 Rxa2 50. Qxa2 Qxd4 51. Qa8+ Kg7 52. Qxc6 Qxe5 53. h4 b4 54. Qc4 Qc3 0-1


[Site "https://www.chess.com"]

[Event "Titled Tuesday Blitz August 24 2021"]
[White "Indjic, Aleksandar"]
[Black "Starozhilov, Leonid"]
[WhiteFideId "911925"]
[BlackFideId "14106752"]
[WhiteElo "2643"]
[BlackElo "2414"]
[Result "1-0"]
[Round "09"]
[TimeControl "180+1"]
[Date "2021.08.24"]
[WhiteClock "0:00:58"]
[BlackClock "0:00:06"]

1. d4 Nf6 2. c4 g6 3. Nc3 Bg7 4. Nf3 d6 5. Bg5 Bg4 6. e3 c5 7. d5 Qa5 8. Bd3 Nbd7 9. h3 Bxf3 10. gxf3 a6 11. f4 Rb8 12. a4 h6 13. Bh4 Nh7 14. Bg3 g5 15. Qc2 Nhf6 16. Be2 Kd8 17. Kf1 gxf4 18. Bxf4 Ne5 19. Rg1 Bf8 20. Bxe5 dxe5 21. d6 e6 22. Rd1 h5 23. Rg3 Kd7 24. Rf3 Rh6 25. Rxf6 Rxf6 26. Qh7 Ke8 27. Bxh5 Rd8 28. Ne4 Rf5 29. Ng5 Rd7 30. Bxf7+ Rdxf7 31. d7+ Ke7 32. Nxf7 Rxf7 33. Qxf7+ 1-0


[Site "https://www.chess.com"]

[Event "Titled Tuesday Blitz August 24 2021"]
[White "Iskusnyh, Sergei"]
[Black "Gurevich, Dmitry"]
[WhiteFideId "4120027"]
[BlackFideId "2000407"]
[WhiteElo "2492"]
[BlackElo "2506"]
[Result "0-1"]
[Round "09"]
[TimeControl "180+1"]
[Date "2021.08.24"]
[WhiteClock "0:00:10"]
[BlackClock "0:00:10"]

1. d4 Nf6 2. c4 a6 3. Nf3 c5 4. g3 cxd4 5. Nxd4 d5 6. Bg2 e5 7. Nf3 d4 8. O-O Nc6 9. e3 d3 10. e4 Bc5 11. Bg5 Be6 12. Nc3 Bxc4 13. Nd5 d2 14. Qxd2 Bxf1 15. Bxf6 gxf6 16. Rxf1 Qd6 17. Nh4 Nd4 18. b4 Bb6 19. Qh6 O-O-O 20. a4 Kb8 21. Kh1 Ba7 22. Rd1 f5 23. Qg7 fxe4 24. Bxe4 f5 25. Nxf5 Nxf5 26. Bxf5 Rhf8 27. Be4 Rxf2 28. Qxh7 Qc6 29. Re1 Bd4 30. b5 Qd7 31. Qg6 Rh8 32. h4 Qh3+ 33. Kg1 Qh2# 0-1


[Site "https://www.chess.com"]

[Event "Titled Tuesday Blitz August 24 2021"]
[White "Ivanov, Oleg"]
[Black "Sadykov, Ramil"]
[WhiteFideId "4103114"]
[BlackFideId "24113590"]
[WhiteElo "2706"]
[BlackElo "2300"]
[Result "1/2-1/2"]
[Round "09"]
[TimeControl "180+1"]
[Date "2021.08.24"]
[WhiteClock "0:00:03"]
[BlackClock "0:00:05"]

1. e4 e5 2. Nf3 Nc6 3. d4 exd4 4. Bc4 Nf6 5. e5 d5 6. Bb5 Ne4 7. Nxd4 Bc5 8. Be3 O-O 9. Nxc6 bxc6 10. Bxc5 Nxc5 11. Bxc6 Rb8 12. Qxd5 Qe7 13. O-O Rd8 14. Qf3 Rxb2 15. Nc3 Ne6 16. Be4 Ng5 17. Qf4 Nxe4 18. Nxe4 Rxc2 19. Rfc1 Rxc1+ 20. Rxc1 h6 21. h3 Rd5 22. e6 Bxe6 23. Rxc7 Rd7 24. Rxd7 Qxd7 25. a3 Qb7 26. Kh2 Kh7 27. Nc5 Qc6 28. Qe4+ Qxe4 29. Nxe4 Kg6 30. g4 Bd5 31. Nc3 Bc6 32. f4 f5 33. Kg3 Kf6 34. Ne2 g5 35. Nd4 Bd7 36. Nf3 fxg4 37. hxg4 gxf4+ 38. Kxf4 Be6 39. Nd4 Bd7 40. Nb3 Kg6 41. Nc5 Bc8 42. Ne4 h5 43. gxh5+ Kxh5 44. Ke5 Kg6 45. Kd6 Kf5 46. Nc5 Kf6 47. a4 a5 48. Nb3 Bg4 49. Nxa5 Bd1 50. Nb3 Bxb3 51. a5 Bc4 52. a6 Bxa6 1/2-1/2


[Site "https://www.chess.com"]

[Event "Titled Tuesday Blitz August 24 2021"]
[White "Jakubowski, Krzysztof"]
[Black "Moon_stone123"]
[WhiteFideId "1112848"]
[WhiteElo "2414"]
[BlackElo "2425"]
[Result "1/2-1/2"]
[Round "09"]
[TimeControl "180+1"]
[Date "2021.08.24"]
[WhiteClock "0:00:27"]
[BlackClock "0:00:20"]

1. d4 d5 2. c4 dxc4 3. e4 Nf6 4. e5 Nd5 5. Bxc4 Nb6 6. Bd3 Nc6 7. Be3 e6 8. a3 Be7 9. Nc3 Nd5 10. Nge2 Bg5 11. Nxd5 exd5 12. f4 Bh4+ 13. g3 Be7 14. O-O f5 15. b4 O-O 16. Qc2 Be6 17. Rfc1 Rc8 18. Nc3 a6 19. Na4 Nb8 20. Nc5 Bxc5 21. bxc5 c6 22. Rcb1 Rc7 23. Rb2 Bc8 24. Kh1 h6 25. Rg1 Rcf7 26. Qc1 Re8 27. Rbg2 Nd7 28. g4 fxg4 29. f5 h5 30. e6 Rff8 31. exd7 Bxd7 32. Bg5 Qc8 33. f6 gxf6 34. Bh6 Rf7 35. Bg6 Bf5 36. Bxf7+ Kxf7 37. Re1 Be4 38. Kg1 Bxg2 39. Kxg2 Rxe1 40. Qxe1 Qf5 41. Qe3 h4 42. Bf4 Qc2+ 43. Qd2 Qe4+ 44. Kg1 f5 45. Be5 h3 46. Bg3 Kg6 47. Kf2 Qg2+ 48. Ke1 Qh1+ 49. Ke2 Qf3+ 50. Ke1 Qh1+ 51. Kf2 Qg2+ 52. Ke1 Qh1+ 1/2-1/2


[Site "https://www.chess.com"]

[Event "Titled Tuesday Blitz August 24 2021"]
[White "Janaszak, Dawid"]
[Black "Wieczorek, Oskar"]
[WhiteFideId "1119206"]
[BlackFideId "1133950"]
[WhiteElo "2530"]
[BlackElo "2720"]
[Result "1-0"]
[Round "09"]
[TimeControl "180+1"]
[Date "2021.08.24"]
[WhiteClock "0:00:08"]
[BlackClock "0:00:04"]

1. e4 d5 2. exd5 Nf6 3. Bb5+ Nbd7 4. c4 a6 5. Ba4 b5 6. cxb5 Nxd5 7. Nf3 N7b6 8. bxa6+ Nxa4 9. Qxa4+ Bd7 10. Qb3 e6 11. O-O Rxa6 12. Nc3 Nb4 13. d4 Bd6 14. Ne5 Bxe5 15. dxe5 Nc6 16. Rd1 Rb6 17. Qa3 Qe7 18. Qxe7+ Kxe7 19. f4 Ra8 20. Rb1 Nb4 21. Be3 Rc6 22. a3 Nc2 23. Bd2 Rc4 24. Rbc1 Nd4 25. Kf2 Rb8 26. b4 Ra8 27. Nb1 Rxc1 28. Rxc1 Nb5 29. Be3 Kd8 30. Nc3 Rxa3 31. Nxb5 Bxb5 32. Rc2 Rb3 33. Bc5 Bd3 34. Rd2 Kc8 35. g3 Be4 36. Ra2 Kb8 37. Rd2 Bd5 38. h4 h5 39. Re2 Rf3+ 40. Ke1 Rxg3 41. Rd2 Rg4 42. Be7 Rxf4 43. Bg5 Re4+ 44. Re2 Rxb4 45. Rf2 Re4+ 46. Kd2 Rxe5 47. Rxf7 Rxg5 48. hxg5 g6 49. Rf6 Be4 50. Rxe6 Bf5 51. Rf6 h4 52. Rxf5 1-0


[Site "https://www.chess.com"]

[Event "Titled Tuesday Blitz August 24 2021"]
[White "Jobava, Baadur"]
[Black "Bok, Benjamin"]
[WhiteFideId "13601520"]
[BlackFideId "1017063"]
[WhiteElo "2748"]
[BlackElo "2658"]
[Result "1-0"]
[Round "09"]
[TimeControl "180+1"]
[Date "2021.08.24"]
[WhiteClock "0:01:00"]
[BlackClock "0:00:03"]

1. e4 c5 2. c4 Nc6 3. Ne2 e5 4. Nbc3 d6 5. g3 g6 6. Bg2 Bg7 7. d3 Nge7 8. O-O O-O 9. Nd5 a6 10. f4 f6 11. Nec3 Be6 12. Kh1 Nd4 13. Be3 b5 14. b3 Nec6 15. Qd2 b4 16. Na4 Rb8 17. Rf2 a5 18. Raf1 f5 19. fxe5 Bxe5 20. Bg5 Qd7 21. exf5 Nxf5 22. Nab6 Qg7 23. g4 Nfd4 24. Bh6 Rxf2 25. Rxf2 Qb7 26. Qg5 Bg7 27. Nf6+ Kh8 28. Nfd7 Rg8 29. Bxg7+ Rxg7 30. Rf8+ Bg8 31. Qf6 Qc7 32. Rxg8+ Kxg8 33. Qf8# 1-0


[Site "https://www.chess.com"]

[Event "Titled Tuesday Blitz August 24 2021"]
[White "Karttunen, Mika"]
[Black "Aghasiyev, Kamal"]
[WhiteFideId "502081"]
[BlackFideId "13402854"]
[WhiteElo "2343"]
[BlackElo "2210"]
[Result "1-0"]
[Round "09"]
[TimeControl "180+1"]
[Date "2021.08.24"]
[WhiteClock "0:00:04"]
[BlackClock "0:00:01"]

1. e4 e5 2. Nf3 Nc6 3. Bb5 a6 4. Ba4 d6 5. c3 Bd7 6. d4 g6 7. Bg5 f6 8. Be3 Nh6 9. h3 Nf7 10. Nbd2 Bg7 11. dxe5 Ncxe5 12. Bc2 O-O 13. Nxe5 Nxe5 14. f4 Nc6 15. g4 f5 16. g5 Qe7 17. h4 fxe4 18. h5 d5 19. Nb3 Be6 20. Qe2 b6 21. O-O-O a5 22. Kb1 a4 23. Nd4 Nxd4 24. cxd4 a3 25. b3 c5 26. Qh2 Bf5 27. h6 Bh8 28. dxc5 Rad8 29. Qf2 Qe6 30. Bd4 e3 31. Qxe3 Qxe3 32. Bxe3 d4 33. Bxf5 gxf5 34. Bd2 bxc5 35. Rc1 Rc8 36. Rhe1 Kf7 37. Rc4 Rfe8 38. Kc2 Rxe1 39. Bxe1 Ke6 40. Kd3 Kd5 41. Bd2 Re8 42. Ra4 Re4 43. Rxa3 Re8 44. Ra7 1-0


[Site "https://www.chess.com"]

[Event "Titled Tuesday Blitz August 24 2021"]
[White "Kavyev, Ruslan"]
[Black "Samsonkin, Artiom"]
[WhiteFideId "34110981"]
[BlackFideId "13503111"]
[WhiteElo "2172"]
[BlackElo "2513"]
[Result "0-1"]
[Round "09"]
[TimeControl "180+1"]
[Date "2021.08.24"]
[WhiteClock "0:00:35"]
[BlackClock "0:00:39"]

1. d4 Nf6 2. c4 e6 3. g3 Bb4+ 4. Bd2 Qe7 5. Nf3 Nc6 6. Bg2 Bxd2+ 7. Nbxd2 O-O 8. O-O d6 9. e4 e5 10. d5 Nb8 11. b4 a5 12. a3 Na6 13. Qb3 Bg4 14. h3 Bxf3 15. Bxf3 c6 16. Rae1 axb4 17. axb4 c5 18. bxc5 Nxc5 19. Qc2 Ra3 20. Bg2 Rfa8 21. Rb1 h5 22. Kh2 h4 23. g4 Nfd7 24. Rfe1 Ra2 25. Rb2 Rxb2 26. Qxb2 Nd3 27. Qb1 Nxe1 28. Qxe1 Qg5 29. Nf1 Qf4+ 30. Kg1 Ra2 31. Ne3 g6 32. c5 Nxc5 33. Nc4 Nd3 34. Qe3 Qxe3 35. fxe3 Ne1 36. Bh1 Ra6 37. Kf2 Nd3+ 38. Ke2 Nc5 39. Kd2 b5 40. Nb2 b4 41. Kc2 Ra1 42. Bf3 Rf1 43. Be2 Rh1 44. Nd3 Nxd3 45. Bxd3 Rxh3 0-1


[Site "https://www.chess.com"]

[Event "Titled Tuesday Blitz August 24 2021"]
[White "Kekelidze, Mikheil"]
[Black "Rottenwohrer Suarez, Juan"]
[WhiteFideId "13600818"]
[BlackFideId "32068182"]
[WhiteElo "2387"]
[BlackElo "2158"]
[Result "1-0"]
[Round "09"]
[TimeControl "180+1"]
[Date "2021.08.24"]
[WhiteClock "0:00:22"]
[BlackClock "0:00:03"]

1. d4 Nf6 2. c4 g6 3. Nc3 Bg7 4. e4 d6 5. Nge2 c6 6. Ng3 a6 7. a4 a5 8. Be2 Na6 9. O-O O-O 10. Be3 e5 11. d5 cxd5 12. exd5 Nd7 13. Nge4 Ndc5 14. Nxc5 Nxc5 15. Bxc5 dxc5 16. d6 Be6 17. Nb5 Ra6 18. Bf3 Bxc4 19. Bxb7 Rb6 20. Be4 Bxb5 21. axb5 Rxd6 22. Qb3 Rd4 23. Bc6 e4 24. Qa3 a4 25. Qxc5 Rd2 26. Rxa4 Bd4 27. Qc4 Bxf2+ 28. Kh1 e3 29. Bf3 Rxb2 30. Ra2 Rxa2 31. Qxa2 Qd3 32. Be2 Qd4 33. Rd1 Qc5 34. g3 Rb8 35. Rd7 Qf5 36. Qd5 Qxd5+ 37. Rxd5 Kf8 38. Kg2 Ke7 39. g4 Ke6 40. Bc4 Kf6 41. Kf3 h5 42. g5+ Ke7 43. Re5+ Kd6 44. Rd5+ Ke7 45. Rd4 Kf8 46. Rd7 h4 47. Rxf7+ Ke8 48. Rg7 Rb6 49. Bd3 Kf8 50. Rc7 Ke8 51. h3 Kd8 52. Rg7 Rd6 53. Bxg6 Rd5 54. Rg8+ Kc7 55. Be4 Rxb5 56. g6 Rg5 57. Ke2 Bg1 58. Rh8 Kd6 59. Rxh4 Ke5 60. Bd3 Rg3 61. Rh5+ Kf6 62. Rf5+ Kg7 63. Rf7+ Kg8 64. h4 Rg2+ 65. Kf1 Rf2+ 66. Kxg1 Rxf7 67. Bc4 1-0


[Site "https://www.chess.com"]

[Event "Titled Tuesday Blitz August 24 2021"]
[White "Korchmar, Vasiliy"]
[Black "Nefedov, Sergey"]
[WhiteFideId "24131750"]
[BlackFideId "24113417"]
[WhiteElo "2370"]
[BlackElo "2380"]
[Result "1-0"]
[Round "09"]
[TimeControl "180+1"]
[Date "2021.08.24"]
[WhiteClock "0:00:37"]
[BlackClock "0:00:02"]

1. e4 d5 2. exd5 Qxd5 3. Nc3 Qd8 4. d4 Nf6 5. Bc4 c6 6. Nf3 Bf5 7. Ne5 e6 8. g4 Be4 9. f3 Bd5 10. Bd3 Nbd7 11. Bg5 Qb6 12. Nxd7 Nxd7 13. Nxd5 cxd5 14. c3 Qxb2 15. O-O Qxc3 16. Bb5 a6 17. Qa4 Qc7 18. Rac1 Qd6 19. Bh4 h5 20. Bg3 Qe7 21. Rc7 Rd8 22. Bxd7+ Rxd7 23. Rc8+ Qd8 24. Rxd8+ Kxd8 25. Rc1 hxg4 26. Qa5+ Ke7 27. fxg4 Kf6 28. Qa4 b5 29. Qc2 Bd6 30. Rf1+ Ke7 31. Bxd6+ Rxd6 32. Qc7+ Rd7 33. Rxf7+ Kxf7 34. Qxd7+ Kf6 35. Qd6 Rc8 36. Qxa6 Rc1+ 37. Kg2 Rc2+ 38. Kg3 Rc3+ 39. Kf2 Rc2+ 40. Ke3 Rxh2 41. a3 Rb2 42. Qa8 Rb3+ 43. Kd2 Kg5 44. Qg8 Kxg4 45. Qxe6+ Kf4 46. Qd6+ Kg4 47. Qe6+ Kf4 48. Qe5+ Kg4 49. Qxd5 Rxa3 50. Qe6+ Kg3 51. Qd6+ Kf2 52. Qxa3 1-0


[Site "https://www.chess.com"]

[Event "Titled Tuesday Blitz August 24 2021"]
[White "Koridze, Lile"]
[Black "Bai, Adelard"]
[WhiteFideId "13612514"]
[BlackFideId "16301188"]
[WhiteElo "1978"]
[BlackElo "2120"]
[Result "0-1"]
[Round "09"]
[TimeControl "180+1"]
[Date "2021.08.24"]
[WhiteClock "0:02:00"]
[BlackClock "0:00:55"]

1. d4 d5 2. c4 c6 3. Nf3 Nf6 4. Nc3 dxc4 5. a4 e6 6. e3 c5 7. Bxc4 cxd4 8. exd4 Nc6 9. O-O Be7 10. Bg5 O-O 11. Qd2 h6 12. Bh4 b6 13. Rad1 Bb7 14. Qf4 Nb4 15. Ne5 Nfd5 16. Nxd5 Nxd5 17. Bxd5 Qxd5 18. Nf3 g5 19. Qg3 Kh7 20. Rfe1 gxh4 21. Qf4 Rg8 22. Re5 Qxf3 0-1


[Site "https://www.chess.com"]

[Event "Titled Tuesday Blitz August 24 2021"]
[White "Kowalczyk, Pawel"]
[Black "Isajevsky, Anton"]
[WhiteFideId "1130641"]
[BlackFideId "4142500"]
[WhiteElo "2325"]
[BlackElo "2510"]
[Result "1-0"]
[Round "09"]
[TimeControl "180+1"]
[Date "2021.08.24"]
[WhiteClock "0:02:09"]
[BlackClock "0:00:36"]

1. a3 d5 2. b4 Nf6 3. Bb2 Bg4 4. h3 Bh5 5. g4 Bg6 6. Bg2 e6 7. Nf3 Nbd7 8. O-O Be7 9. c4 O-O 10. cxd5 exd5 11. Nc3 c6 12. d4 a6 13. Ne5 Nb6 14. f4 Be4 15. Nxe4 Nxe4 16. Qc2 Nd6 17. Rae1 Bh4 18. Rd1 Nbc4 19. Bc1 Re8 20. Nxc4 Nxc4 21. e4 a5 22. e5 axb4 23. axb4 Qb6 24. g5 Qxb4 25. Qe2 Ra1 26. Qg4 Rxc1 27. Rxc1 Ne3 28. Qxh4 Nxf1 29. Rxf1 Qxd4+ 30. Qf2 Qb4 31. h4 d4 32. Be4 Rd8 33. Rb1 Qa4 34. Qc2 Qa7 35. Bxh7+ Kh8 36. Bd3 1-0


[Site "https://www.chess.com"]

[Event "Titled Tuesday Blitz August 24 2021"]
[White "Koziol, Kamil"]
[Black "Petesch, Gabriel"]
[WhiteFideId "1161555"]
[BlackFideId "2032465"]
[WhiteElo "2025"]
[BlackElo "2374"]
[Result "1-0"]
[Round "09"]
[TimeControl "180+1"]
[Date "2021.08.24"]
[WhiteClock "0:00:41"]
[BlackClock "0:00:03"]

1. e4 b5 2. Bxb5 Bb7 3. d3 e6 4. Nc3 Nf6 5. Bg5 Be7 6. Nge2 O-O 7. Qd2 d5 8. f3 h6 9. Bf4 Nh5 10. O-O c6 11. Ba4 Nxf4 12. Qxf4 Bg5 13. Qg3 Bh4 14. Qh3 Nd7 15. f4 Nc5 16. Bb3 Bf6 17. e5 Be7 18. Ng3 a5 19. a3 Qb6 20. Kh1 Nxb3 21. cxb3 Qxb3 22. f5 exf5 23. Nxf5 Rfe8 24. Nxh6+ gxh6 25. Qxh6 Bf8 26. Qf6 Re7 27. Rf3 Re6 28. Rg3+ Kh7 29. Qxf7+ Kh8 30. Rg8# 1-0


[Site "https://www.chess.com"]

[Event "Titled Tuesday Blitz August 24 2021"]
[White "Kucuksari, Kaan"]
[Black "Temirkanov, David"]
[WhiteFideId "6380166"]
[BlackFideId "4168534"]
[WhiteElo "2300"]
[BlackElo "2125"]
[Result "0-1"]
[Round "09"]
[TimeControl "180+1"]
[Date "2021.08.24"]
[WhiteClock "0:00:11"]
[BlackClock "0:00:05"]

1. d4 d5 2. c4 Nc6 3. cxd5 Qxd5 4. e3 e5 5. Nc3 Bb4 6. Bd2 Bxc3 7. Bxc3 exd4 8. Bxd4 Nxd4 9. Qxd4 Qxd4 10. exd4 Nf6 11. Nf3 Be6 12. Bd3 O-O-O 13. O-O Nd5 14. Be4 h6 15. Ne5 Nf4 16. Rfd1 Ne2+ 17. Kh1 Nxd4 18. Rd2 Rd6 19. Nf3 Rhd8 20. Ne1 Nc6 21. Rxd6 Rxd6 22. Bxc6 Rxc6 23. Kg1 Rd6 24. Nf3 Bxa2 25. h4 Bd5 26. Nd4 Rg6 27. g3 a6 28. Nf5 Kd7 29. Rd1 c6 30. Ne3 Rd6 31. Nf5 Rg6 32. Ne3 Ke6 33. g4 Rf6 34. Rd4 g5 35. h5 Rf4 36. Rxf4 gxf4 37. Nf5 a5 38. Nxh6 a4 39. Nf5 Kf6 40. h6 Kg6 41. g5 b5 42. Nd6 b4 43. h7 Kxh7 44. Nf5 a3 45. bxa3 bxa3 46. Nd4 a2 47. Nc2 Bb3 48. Na1 Ba4 49. Kg2 Kg6 50. Kf3 Kxg5 51. Ke4 f5+ 52. Ke5 Kg4 53. Kf6 Kf3 54. Kxf5 Bd1 55. Ke5 c5 56. Kd5 Kxf2 57. Kxc5 Kg3 58. Kd4 f3 59. Ke3 f2 60. Kd2 f1=Q 0-1


[Site "https://www.chess.com"]

[Event "Titled Tuesday Blitz August 24 2021"]
[White "Le, Tuan Minh"]
[Black "Andreikin, Dmitry"]
[WhiteFideId "12401153"]
[BlackFideId "4158814"]
[WhiteElo "2450"]
[BlackElo "2782"]
[Result "1/2-1/2"]
[Round "09"]
[TimeControl "180+1"]
[Date "2021.08.24"]
[WhiteClock "0:00:06"]
[BlackClock "0:00:03"]

1. d4 Nf6 2. Nf3 d5 3. Bf4 c5 4. c3 Qb6 5. Qc2 cxd4 6. cxd4 Nc6 7. e3 Bf5 8. Qb3 e6 9. Nc3 Bb4 10. Be2 Ne4 11. Rc1 O-O 12. O-O Na5 13. Qa4 Bxc3 14. bxc3 Rfc8 15. Qa3 f6 16. Nh4 g5 17. Nxf5 exf5 18. Bg3 Nc4 19. Qe7 Nxg3 20. hxg3 Rc7 21. Qb4 Kf7 22. Qa4 Qc6 23. Qc2 Nd6 24. g4 Qd7 25. gxf5 Qxf5 26. Bd3 Qe6 27. Qe2 f5 28. Qh5+ Qg6 29. Qh2 Rac8 30. Be2 g4 31. Qf4 Ne4 32. Bd3 Qf6 33. c4 dxc4 34. Bxe4 fxe4 35. Qxg4 Qg6 36. Qf4+ Kg8 37. d5 Rg7 38. g3 Rf8 39. Qh4 b5 40. Rcd1 Qg4 41. Qh1 Qf3 42. Qh4 Rg4 43. Qh2 Rg5 44. d6 Rh5 45. Qg2 Rd8 46. Rd4 Rh6 47. Rfd1 Re6 48. d7 Qxg2+ 49. Kxg2 Re7 50. a4 a6 51. axb5 axb5 52. f3 exf3+ 53. Kxf3 Kf7 54. Rf4+ Ke6 55. Re4+ Kf7 56. Rf4+ Kg7 57. Rfd4 Kf7 58. e4 c3 59. Ke3 c2 60. Rf1+ Ke6 61. Rc1 Rexd7 62. Rxd7 Rxd7 63. Rxc2 Rb7 64. Rc6+ Kf7 65. Kd3 b4 66. Kc2 b3+ 67. Kb2 Rb4 68. Rh6 Kg7 69. Rh4 Kg6 70. Rf4 h5 71. Rh4 Kg5 72. Rf4 Kg6 73. Rh4 Rb5 74. Rf4 Rb4 1/2-1/2


[Site "https://www.chess.com"]

[Event "Titled Tuesday Blitz August 24 2021"]
[White "Liyanage, Ranindu Dilshan"]
[Black "Quiroga Garza, Juan Manuel"]
[WhiteFideId "9915834"]
[BlackFideId "5117844"]
[WhiteElo "1839"]
[BlackElo "2003"]
[Result "1-0"]
[Round "09"]
[TimeControl "180+1"]
[Date "2021.08.24"]
[WhiteClock "0:00:23"]
[BlackClock "0:00:34"]

1. e4 c5 2. Nf3 e6 3. d4 cxd4 4. Nxd4 a6 5. c4 Qc7 6. Nc3 Nf6 7. a3 b6 8. f3 Bb7 9. Be3 Be7 10. Rc1 d6 11. g4 Nbd7 12. Kd2 Rc8 13. Kc2 d5 14. cxd5 exd5 15. Kb1 Qb8 16. Nf5 Bf8 17. exd5 g6 18. Ng3 Bg7 19. g5 Rxc3 20. bxc3 Nxd5 21. Bd4 O-O 22. Bxg7 Kxg7 23. Qd4+ Qe5 24. Bh3 Qxd4 25. cxd4 Rd8 26. Ne4 Nf8 27. Rhd1 Nf4 28. Bf1 N8e6 29. h4 b5 30. Rc3 Nd5 31. Rb3 Ndf4 32. Rd2 Nxd4 33. Rc3 Nfe6 34. Nf6 Bxf3 35. Bh3 h5 36. Bxe6 fxe6 37. Rxf3 e5 38. Rc3 Rb8 39. Rc7+ Kf8 1-0


[Site "https://www.chess.com"]

[Event "Titled Tuesday Blitz August 24 2021"]
[White "Lopez Del Alamo, Antonio"]
[Black "Kislov, Oleg"]
[WhiteFideId "2227339"]
[BlackFideId "13503774"]
[WhiteElo "2085"]
[BlackElo "2252"]
[Result "0-1"]
[Round "09"]
[TimeControl "180+1"]
[Date "2021.08.24"]
[WhiteClock "0:00:16"]
[BlackClock "0:00:19"]

1. e4 c5 2. Nf3 Nc6 3. Bb5 g6 4. Bxc6 dxc6 5. d3 Bg7 6. h3 e5 7. Be3 Qe7 8. Qd2 Nf6 9. Qc3 Nd7 10. a3 a5 11. O-O O-O 12. a4 b6 13. Na3 Ba6 14. Nc4 Rfe8 15. b3 Rab8 16. Rae1 Nf8 17. Nh2 Ne6 18. Ng4 Nd4 19. Bxd4 cxd4 20. Qd2 h5 21. Nh2 Kh7 22. g3 Bc8 23. Kg2 Qe6 24. g4 Bh6 25. Qe2 Bf4 26. Qf3 Kh6 27. Rh1 Rg8 28. Reg1 Bd7 29. Kf1 b5 30. Nb2 c5 31. axb5 Bxb5 32. Ke2 a4 33. gxh5 gxh5 34. Rxg8 Rxg8 35. bxa4 Ba6 36. Nc4 Bxc4 37. dxc4 Qxc4+ 38. Qd3 Qxa4 39. Nf3 c4 40. Qd1 Rd8 41. Re1 d3+ 42. cxd3 cxd3+ 43. Kf1 Qd7 44. Ng1 d2 45. Re2 Qd3 46. f3 Rg8 47. Kf2 Qd4+ 48. Re3 Qxe3+ 49. Kf1 Rxg1# 0-1


[Site "https://www.chess.com"]

[Event "Titled Tuesday Blitz August 24 2021"]
[White "Machidon, Cristi"]
[Black "Goryachkina, Aleksandra"]
[WhiteFideId "13904590"]
[BlackFideId "4147103"]
[WhiteElo "2588"]
[BlackElo "2687"]
[Result "0-1"]
[Round "09"]
[TimeControl "180+1"]
[Date "2021.08.24"]
[WhiteClock "0:00:17"]
[BlackClock "0:00:49"]

1. d4 Nf6 2. Bf4 d5 3. e3 Bf5 4. c4 e6 5. Nc3 Bb4 6. Qb3 Nc6 7. a3 Bxc3+ 8. bxc3 Na5 9. Qb4 b6 10. Nf3 c5 11. dxc5 O-O 12. cxb6 axb6 13. Rd1 Qc8 14. Nd4 Bg6 15. Nb5 Nxc4 16. Nd6 Nxd6 17. Bxd6 Rd8 18. Be5 Ne4 19. c4 dxc4 20. Rxd8+ Qxd8 21. Bxc4 Ra4 22. Qb2 Rxc4 0-1


[Site "https://www.chess.com"]

[Event "Titled Tuesday Blitz August 24 2021"]
[White "Maevsky, Nikolay"]
[Black "Maksimovic, Bojan"]
[WhiteFideId "4198220"]
[BlackFideId "14408120"]
[WhiteElo "2213"]
[BlackElo "2439"]
[Result "0-1"]
[Round "09"]
[TimeControl "180+1"]
[Date "2021.08.24"]
[WhiteClock "0:00:19"]
[BlackClock "0:00:18"]

1. d4 Nf6 2. Nf3 c5 3. e3 b6 4. Bd3 Bb7 5. O-O e6 6. Nbd2 Be7 7. b3 O-O 8. Bb2 d6 9. c4 Nbd7 10. Re1 a6 11. Rc1 Rc8 12. Bb1 Rc7 13. h3 Qa8 14. Qe2 Ne4 15. Nxe4 Bxe4 16. Bxe4 Qxe4 17. Red1 Qg6 18. dxc5 bxc5 19. Bc3 Qe4 20. Nd2 Qc6 21. Nf1 Nf6 22. Ng3 Ne4 23. Nxe4 Qxe4 24. Qg4 Qxg4 25. hxg4 Ra7 26. Ba5 Bd8 27. Bxd8 Rxd8 28. Rd3 Kf8 29. Rcd1 Ke7 30. e4 h6 31. Kf1 a5 32. e5 Rad7 33. exd6+ Rxd6 34. Ke2 Rxd3 35. Rxd3 Rxd3 36. Kxd3 f5 37. gxf5 exf5 38. Kc3 g5 39. a3 h5 40. b4 axb4+ 41. axb4 cxb4+ 42. Kxb4 h4 43. Kc3 g4 44. Kd3 h3 45. gxh3 gxh3 46. Ke3 h2 47. Kf4 h1=Q 48. Kxf5 Qf3+ 49. Ke5 Qxf2 50. Kd5 Kd7 51. c5 Kc7 0-1


[Site "https://www.chess.com"]

[Event "Titled Tuesday Blitz August 24 2021"]
[White "Maghsoodloo, Parham"]
[Black "Balakrishnan, Praveen"]
[WhiteFideId "12539929"]
[BlackFideId "2064871"]
[WhiteElo "2601"]
[BlackElo "2237"]
[Result "1-0"]
[Round "09"]
[TimeControl "180+1"]
[Date "2021.08.24"]
[WhiteClock "0:00:05"]
[BlackClock "0:00:01"]

1. c4 e5 2. Nc3 Nf6 3. Nf3 Nc6 4. e3 Bb4 5. Qc2 Bxc3 6. Qxc3 Qe7 7. d4 Ne4 8. Qd3 exd4 9. Nxd4 Nc5 10. Qd1 Nxd4 11. Qxd4 O-O 12. b3 d6 13. Bb2 f6 14. Be2 a5 15. Bd1 b6 16. O-O Bb7 17. f3 f5 18. Bc2 Rae8 19. Rae1 Qe5 20. a3 g6 21. Bc3 Qxd4 22. exd4 Nd7 23. b4 axb4 24. axb4 d5 25. Ba4 Rxe1 26. Rxe1 Nf6 27. c5 Ra8 28. c6 Bc8 29. Bb3 Ra3 30. Rb1 Kf7 31. b5 Ra8 32. Bb4 Be6 33. Re1 Ra7 34. Kf2 Ra8 35. g3 Ra7 36. h3 h5 37. h4 Ra8 38. Ke3 Ra7 39. Kf4 Ra8 40. Kg5 Nh7+ 41. Kh6 Rh8 42. Re5 Kf6 43. Rxe6+ Kxe6 44. Kg7 Ra8 45. Kxh7 Ra1 46. Bd2 Rb1 47. Ba4 Ra1 48. Bf4 Rxa4 49. Bxc7 Rb4 50. Bxb6 Rxb5 51. Bd8 Rb4 52. c7 Kd7 53. Bf6 Rb3 54. Kxg6 Rxf3 55. Be5 1-0


[Site "https://www.chess.com"]